 Dungeon Crawl Stone Soup version 0.28-a0-385-g79de503ca0 (webtiles) character file.

Game seed: 13973818944894568693

28 Decipherer the Skirmisher (level 3, -1/30 HPs)
             Began as a Formicid Berserker on Sept 3, 2021.
             Was a Believer of Trog.
             Slain by a gnoll (6 damage)
             ... on level 1 of the Dungeon.
             The game lasted 00:02:46 (938 turns).

Decipherer the Skirmisher (Formicid Berserker)       Turns: 938, Time: 00:02:47

Health: -1/30      AC:  2    Str: 21    XL:     3   Next: 27%
Magic:  3/3        EV: 12    Int:  6    God:    Trog [**....]
Gold:   0          SH:  0    Dex: 11    Spells: 2/2 levels left

rFire   . . .      SeeInvis +   a - +0 hand axe
rCold   . . .      Faith    .   (no shield)
rNeg    . . .      Spirit   .   b - +0 animal skin
rPois   .          Reflect  .   (helmet unavailable)
rElec   .          Harm     .   (no cloak)
rCorr   .          Rampage  .   (no gloves)
Will    .....                   (no boots)
Stlth   +.........              (no amulet)
HPRegen 0.10/turn               (no ring)
MPRegen 0.08/turn               (no ring)

@: no status effects
A: permanent stasis, dig shafts and tunnels, antennae 3, four strong arms
a: Dig, Shaft Self, Renounce Religion, Trog's Hand


You were on level 1 of the Dungeon.
You worshipped Trog.
Trog was pleased with you.
You visited 1 branch of the dungeon, and saw 1 of its levels.

Inventory:

Hand Weapons
 a - a +0 hand axe (weapon)
Missiles
 e - 6 boomerangs
Armour
 b - a +0 animal skin (worn)
Scrolls
 c - a scroll of enchant weapon {unknown}
 d - a scroll of noise {unknown}


   Skills:
 + Level 3.7 Fighting
 + Level 3.6 Axes
 + Level 2.2 Armour
 + Level 1.9 Dodging
 + Level 0.3 Stealth


You had 2 spell levels left.
You didn't know any spells.
Your spell library was empty.

Dungeon Overview and Level Annotations

Branches:
Dungeon (1/15)

Altars:

Shops:
D:1 :


Innate Abilities, Weirdness & Mutations

You cannot be hasted, slowed, berserked, paralysed or teleported.
You can dig through walls and to a lower floor.
You have a pair of large antennae on your head. (SInv)
Your four strong arms can wield two-handed weapons with a shield.


Message History

You kill the bat!
Trog accepts your kill. The bat barely misses you. The bat closely misses you.
You hit the bat.
You kill the bat!
Trog accepts your kill.
You closely miss the ball python. The ball python misses you.
The ball python barely misses you. The ball python closely misses you. x2
You hit the ball python but do no damage.
The ball python bites you but does no damage.
The ball python grabs you. The ball python constricts you.
You hit the ball python.
You kill the ball python!
Trog accepts your kill.
You slash the goblin!
You kill the goblin!
Trog accepts your kill.
You can now call upon Trog for regeneration and willpower.
You hit the gnoll but do no damage. The gnoll hits you with a +0 club.
* * * LOW HITPOINT WARNING * * *
Okay, then.
It was a potion of curing.
You feel better. The gnoll hits you but does no damage.
You feel better. The gnoll hits you with a +0 club.
You hit the gnoll but do no damage. The gnoll hits you with a +0 club.
You hit the gnoll.
The gnoll is lightly wounded.
The gnoll closely misses you. The gnoll hits you with a +0 club.
* * * LOW HITPOINT WARNING * * *
You barely miss the gnoll.
The gnoll is lightly wounded.
The gnoll closely misses you.
You barely miss the gnoll.
The gnoll is lightly wounded.
The gnoll hits you with a +0 club.
* * * LOW HITPOINT WARNING * * *
You hit the gnoll.
The gnoll is heavily wounded.
The gnoll hits you with a +0 club.
You die...

#..######### #.#
####....)(...# #.#
#..........#.### #.#
#.....).##.#...#####
#.#
#.....K.##.###.....#
#.# #.......##.#
#####)###.####
#.......##K#
#.....)...
#......(##g#
######...#
#.......##@# ##....
#.......####
######...##
######......#..#
#......#######.#
#..##### #.# ##.##
##.. #..# #... ##)#
#.#. #.# ###.##


You could see a gnoll and a kobold.

Vanquished Creatures
  2 ball pythons (D:1)
  5 bats (D:1)
  An endoplasm (D:1)
  4 goblins (D:1)
  2 hobgoblins (D:1)
  3 jackals (D:1)
  4 kobolds (D:1)
  A quokka (D:1)
  A frilled lizard (D:1)
  A rat (D:1)
24 creatures vanquished.

Notes
Turn   | Place    | Note
-------+----------+-------------------------------------------
     0 | D:1      | Decipherer the Formicid Berserker began the quest for the
                  | Orb.
     0 | D:1      | Reached XP level 1. HP: 18/18 MP: 1/1
   200 | D:1      | Reached XP level 2. HP: 22/24 MP: 2/2
   582 | D:1      | Found Ygreucsinn's Book Shoppe.
   802 | D:1      | Reached XP level 3. HP: 23/29 MP: 3/3
   930 | D:1      | Reached ** piety under Trog
   938 | D:1      | Slain by a gnoll

Illustrated notes

Levels and vault maps discovered:
D:1:      scummos_arrival_hexagon, layout_rooms, serial_shops, shop,
          basic_ecumenical_altar, item_on_display_a

Action                   || total
-------------------------++-------
Melee: Hand axe          ||    88
 Abil: Dig               ||     2
  Use: Potion            ||     2
 Stab: Sleeping          ||     1
Armor: Animal skin       ||    20
Dodge: Dodged            ||    72

Table legend: (Time is in decaauts)
 A = Elapsed time spent in this place.
 B = Non-inter-level travel time spent in this place.
 C = Inter-level travel time spent in this place.
 D = Time resting spent in this place.
 E = Time spent auto-exploring this place.
 F = Levels seen in this place.
 G = Mean time per level.
                   A        B        C        D        E       F      G
               +--------+--------+--------+--------+--------+-----+--------+
         Total |    951 |    930 |     21 |      0 |    754 |   1 |  951.0 |
       Dungeon |    951 |    930 |     21 |      0 |    754 |   1 |  951.0 |
               +--------+--------+--------+--------+--------+-----+--------+

Top non-repeatable levels by time:
     D:1: 951 daAuts
